AoeStats
← BYoooo

Black Forest

510391373Analyzed
2v2 RM · 1d ago on Sep 30, 2026· 59m 45s· 4 players
Game mode
Random Map
Map size
Medium (4 player)
Population
200
Speed
Normal
Resources
Standard
Victory
Conquest
Starting age
Dark Age
Ending age
Imperial Age
RankedLock teamsTeams togetherTeam positionsShared explorationLock speedFull tech treeHidden civsTurbo modeCheats
Victory
Defeat
🇬🇧 Turks · United Kingdom
979
+16
🇬🇧 Lithuanians · United Kingdom
975
+16
🇩🇪 Franks · Germany
1043
-56
🇩🇪 Goths · Germany
915
-32
Solboss
1:16 Loom
11:24 Feudal Age
11:52 Double-Bit Axe
11:53 Horse Collar
14:05 Wheelbarrow
13:33 Gold Mining
22:14 Castle Age
21:24 Scale Barding Armor
22:32 Forging
24:18 Chain Barding Armor
24:10 Bloodlines
24:40 Iron Casting
26:27 Bow Saw
26:47 Heavy Plow
28:13 Hand Cart
28:11 Fletching
29:09 Bodkin Arrow
32:55 Husbandry
35:47 Caravan
37:06 Padded Archer Armor
39:38 Imperial Age
38:21 Masonry
37:41 Elite Skirmisher
38:38 Leather Archer Armor
38:22 Town Watch
39:45 Ballistics
39:43 Elite Leitis
40:26 Tower Shields
40:47 Conscription
41:34 Plate Barding Armor
41:52 Bracer
43:19 Chemistry
44:29 Architecture
50:47 Hoardings
51:28 Fervor
51:40 Sanctity
55:31 Ring Archer Armor
55:31 Fortified Wall
55:16 Murder Holes
59:00 Thumb Ring
Kingzzman
0:33 Loom
13:15 Feudal Age
13:22 Feudal Age
15:35 Wheelbarrow
17:59 Castle Age
16:20 Fletching
16:28 Double-Bit Axe
19:04 Gold Mining
20:07 Bow Saw
22:32 Imperial Age
20:24 Fletching
21:29 Padded Archer Armor
24:16 Two-Man Saw
24:46 Wheelbarrow
25:51 Horse Collar
30:02 Ballistics
30:35 Leather Archer Armor
32:54 Forging
32:50 Scale Barding Armor
33:13 Fortified Wall
34:48 Bloodlines
35:57 Caravan
36:34 Husbandry
38:29 Hand Cart
39:47 Ring Archer Armor
41:06 Artillery
41:27 Conscription
44:00 Chain Barding Armor
44:16 Iron Casting
50:50 Plate Barding Armor
51:16 Blast Furnace
50:48 Heavy Camel Rider
Lord_of_Larshof
5:01 Loom
11:40 Feudal Age
11:56 Man-at-Arms
13:53 Wheelbarrow
13:02 Horse Collar
15:05 Double-Bit Axe
24:13 Castle Age
22:36 Gold Mining
22:37 Stone Mining
22:44 Fletching
22:54 Padded Archer Armor
24:15 Scale Barding Armor
24:21 Forging
25:25 Bow Saw
25:16 Long Swordsman
25:21 Crossbowman
28:12 Elite Skirmisher
30:50 Hand Cart
31:39 Town Watch
32:24 Town Patrol
32:56 Heavy Plow
34:39 Bodkin Arrow
35:33 Stone Shaft Mining
35:43 Bloodlines
38:47 Ballistics
38:52 Squires
39:32 Pikeman
44:31 Imperial Age
45:06 Elite Huskarl
46:42 Leather Archer Armor
46:27 Bracer
47:02 Iron Casting
46:48 Chain Barding Armor
50:07 Ring Archer Armor
49:02 Cavalier
50:16 Halberdier
54:03 Two-Man Saw
56:57 Blast Furnace
BYoooo
11:44 Feudal Age
12:19 Double-Bit Axe
18:25 Castle Age
17:51 Loom
18:41 Wheelbarrow
17:54 Loom
20:24 Bow Saw
20:06 Stone Mining
20:07 Gold Mining
22:07 Hand Cart
28:17 Fletching
28:28 Padded Archer Armor
27:50 Elite Skirmisher
30:59 Bodkin Arrow
32:39 Gold Shaft Mining
32:39 Town Watch
33:13 Leather Archer Armor
34:55 Forging
34:50 Scale Barding Armor
35:10 Ballistics
34:32 Treadmill Crane
35:03 Masonry
34:50 Murder Holes
35:06 Fortified Wall
35:48 Devotion
36:08 Town Patrol
39:37 Imperial Age
37:30 Ordonnance Companies
39:24 Husbandry
40:05 Iron Casting
39:31 Scale Mail Armor
39:52 Chain Barding Armor
40:39 Conscription
40:23 Chivalry
41:01 Hoardings
39:48 Elite Throwing Axeman
39:53 Cavalier
41:27 Architecture
40:44 Arrowslits
43:11 Paladin
45:06 Plate Barding Armor
46:15 Blast Furnace
45:31 Chain Mail Armor
50:25 Light Cavalry
Connection lost

Rejoining the realm…

Still unreachable

The connection could not be restored.

Session expired

The server has moved on; the page needs a fresh start.